 Dungeon Crawl Stone Soup version 0.20-a0-1020-g7b9e4fe (webtiles) character file.

228 Fhqwhgads the Ruffian (level 5, -3/53 HPs)
             Began as a Troll Monk on Apr 18, 2017.
             Slain by an ogre
             ... wielding a +0 giant spiked club
              (12 damage)
             ... on level 4 of the Dungeon.
             The game lasted 00:03:12 (2348 turns).

Fhqwhgads the Ruffian (Troll Monk)                  Turns: 2348, Time: 00:03:13

Health: -3/53      AC:  7    Str: 19    XL:     5   Next: 70%
Magic:  4/4        EV: 11    Int:  7    God:
Gold:   277        SH:  0    Dex: 12    Spells: 4/4 levels left

rFire    . . .     SeeInvis .     - Unarmed
rCold    . . .     Gourm    +   (no shield)
rNeg     . . .     Faith    .   n - +2 animal skin
rPois    .         Spirit   .   (helmet restricted)
rElec    .         Reflect  .   (no cloak)
rCorr    .         Harm     .   (gloves unavailable)
MR       .....                  (boots unavailable)
Stlth    +++.......             (no amulet)
Regen    0.6/turn               u - ring of stealth
MPRegen  0.1/turn               (no ring)

@: no status effects
A: unfitting armour, claws 3, fast metabolism 3, gourmand, regeneration 1,
shaggy fur 1, tough skin 2
a: no special abilities


You were on level 4 of the Dungeon.
You were full.

You visited 1 branch of the dungeon, and saw 4 of its levels.

You collected 277 gold pieces.

Inventory:

Armour
 a - a +0 robe
 i - a +0 shield
 m - a +0 large shield
 n - a +2 animal skin (worn)
Jewellery
 u - a ring of stealth (left claw)
Wands
 o - a wand of lightning (6/15)
Scrolls
 c - 3 scrolls of recharging {unknown}
 d - 4 scrolls of immolation {unknown}
 e - 6 scrolls of identify {unknown}
 f - a scroll of blinking {unknown}
 g - a scroll of teleportation {unknown}
 h - a scroll of random uselessness {unknown}
 s - 3 scrolls of amnesia {unknown}
 w - 3 scrolls of remove curse {unknown}
Potions
 j - a potion of curing {unknown}
 k - a potion of mutation {unknown}
 l - a potion of flight {unknown}
 p - a potion of haste {unknown}
 t - a potion of ambrosia {unknown}
 v - 2 potions of berserk rage {unknown}
Comestibles
 b - 3 bread rations
 q - 3 royal jellies
 r - a meat ration


   Skills:
 - Level 3.2 Fighting
 - Level 3.2 Dodging
 - Level 2.1 Stealth
 + Level 1.7 Shields
 * Level 5.0 Unarmed Combat


You had 4 spell levels left.
You didn't know any spells.

Dungeon Overview and Level Annotations

Branches:
Dungeon (4/15)
 Temple: D:4-7

Altars:
Dithmenos
Hepliaklqana
Ru
Sif Muna
Vehumet


Innate Abilities, Weirdness & Mutations

You are too large for most types of armour.
You have claws for hands.
Your metabolism is lightning-fast.
You like to eat raw meat.
Your natural rate of healing is unusually fast.
You are covered in fur. (AC +1)
You have very tough skin. (AC +2)


Message History

An ogre is nearby!
An ooze comes into view.
The ogre hits you with a giant spiked club!!
You claw the ogre!
The ogre is heavily wounded.
You claw the ogre!
The ogre is severely wounded.
The ogre hits you with a giant spiked club!!
* * * LOW HITPOINT WARNING * * *
You are too injured to fight recklessly!
You are too injured to fight recklessly!
You are too injured to fight recklessly!
You are too injured to fight recklessly!
You are too injured to fight recklessly!
You are too injured to fight recklessly!
Unknown command.
You completely miss the ogre.
The ogre is severely wounded.
The ogre hits you with a giant spiked club!
You die...

###.# #.........# #
#.#### #.........# #
#....#######.........#
###.>...##....†.......##
.......(...###.........#
#####....#####.........#
.####...#####..........#
......#................#
...##.#.....#.%.@......#
.####>..........O.....##
####.................#..
.....................# .
................J....#
#.###.[..............#
#.###.................
#..#...................
##.........


You could see an ogre and an ooze.

Vanquished Creatures
  Terence (D:2)
  2 worker ants (D:4)
  Robin (D:2)
  7 adders
  2 oozes
  3 dart slugs
  3 orcs (D:3)
  6 bats
  7 giant cockroaches
  8 goblins
  8 hobgoblins
  3 kobolds
  2 quokkas
  A ball python (D:1)
  7 frilled lizards
  10 rats
71 creatures vanquished.

Notes
Turn   | Place    | Note
-------+----------+-------------------------------------------
     0 | D:1      | Fhqwhgads the Troll Monk began the quest for the Orb.
     0 | D:1      | Reached XP level 1. HP: 23/23 MP: 0/0
   268 | D:1      | Reached skill level 1 in Unarmed Combat
   275 | D:1      | Reached XP level 2. HP: 31/31 MP: 1/1
   312 | D:1      | Reached skill level 2 in Unarmed Combat
   623 | D:1      | Reached XP level 3. HP: 31/37 MP: 2/2
  1116 | D:2      | Reached skill level 3 in Unarmed Combat
  1223 | D:2      | Found a deep blue altar of Sif Muna.
  1224 | D:2      | Found a hazy altar of Hepliaklqana.
  1225 | D:2      | Found a shadowy altar of Dithmenos.
  1227 | D:2      | Found a radiant altar of Vehumet.
  1233 | D:2      | Found a sacrificial altar of Ru.
  1255 | D:2      | Noticed Robin
  1265 | D:2      | Killed Robin
  1311 | D:2      | Noticed Terence
  1328 | D:2      | Killed Terence
  1328 | D:2      | Reached skill level 4 in Unarmed Combat
  1328 | D:2      | Reached XP level 4. HP: 11/45 MP: 3/3
  1938 | D:3      | Reached XP level 5. HP: 30/53 MP: 4/4
  2001 | D:3      | Reached skill level 1 in Shields
  2300 | D:4      | Reached skill level 5 in Unarmed Combat
  2342 | D:4      | Noticed an ogre
  2348 | D:4      | Slain by an ogre

Vault maps used:
D:1:      dpeg_arrival_circle_labyrinth_c, minmay_pentomino_u4
D:2:      grunt_temple_overflow_open, uniq_robin, uniq_terence
D:4:      first_bread

Skill      XL: |  1  2  3  4  5 |
---------------+----------------+-----
Unarmed Combat | 1 2 4 5 |  5.0
Shields        | 1 |  1.7
Fighting       | |  3.2
Dodging        | |  3.2
Stealth        | |  2.1

Action                   |  1- 3 |  4- 6 || total
-------------------------+-------+-------++-------
Melee: Unarmed           |   110 |   108 ||   218
       Punch             |       |     1 ||     1
 Stab: Sleeping          |     2 |     1 ||     3
  Eat: Chunk             |    18 |     6 ||    24
Armor: Robe              |    22 |       ||    22
       Animal skin       |     1 |    32 ||    33
Dodge: Dodged            |    45 |    50 ||    95
